MLB
MILWAUKEE BREWERS @ JACKSONVILLE BOMBERS
04/26/2042
 
TOP OF THE 1ST
Milwaukee Brewers batting - Pitching for Jacksonville Bombers : LHP Masami Ishikawa
Pitching: LHP Masami Ishikawa
Batting: SHB José Hernández 0-0: Swinging Strike
0-1: Ball
1-1: Ball
2-1: Swinging Strike
2-2: Strikes out swinging
Batting: LHB Dave Lynch 0-0: SINGLE (Line Drive, 6MD, EV 94.4 MPH)
Batting: RHB Pepe Franco 0-0: Called Strike
0-1: Called Strike
0-2: Ball
Dave Lynch steals 2nd base
1-2: Foul Ball, location: 5F
1-2: Foul Ball, location: 2F
1-2: Ball
2-2: Ball
3-2: Foul Ball, location: 2F
3-2: Fly out, F7 (Flyball, 78D, EV 105.6 MPH)
Batting: LHB Jake Allen 0-0: Called Strike
0-1: Swinging Strike
0-2: Ball
1-2: Ball
2-2: Strikes out looking
Top of the 1st over - 0 runs, 1 hit, 0 errors, 1 left on base; Milwaukee 0 - Jacksonville 0
BOTTOM OF THE 1ST
Jacksonville Bombers batting - Pitching for Milwaukee Brewers : RHP Alfredo Hernández
Pitching: RHP Alfredo Hernández
Batting: LHB Dave Minor 0-0: Called Strike
0-1: Bunted foul
0-2: Foul Ball, location: 7LDF
0-2: Ball
1-2: Ball
2-2: Ball
3-2: Base on Balls
Batting: RHB Jim Brown 0-0: Sac Bunt to 2L - play at first, batter OUT! 2-3
Dave Minor to second
Batting: LHB Yoshihito Abe 0-0: Called Strike
0-1: Ball
1-1: Called Strike
1-2: Ball
2-2: Foul Ball, location: 2F
2-2: Ball
3-2: Ground out 4-3 (Groundball, 4, EV 81.9 MPH)
Dave Minor to third
Batting: RHB José Alonso 0-0: Swinging Strike
0-1: Ball
1-1: Called Strike
1-2: Strikes out swinging
Bottom of the 1st over - 0 runs, 0 hits, 0 errors, 1 left on base; Milwaukee 0 - Jacksonville 0
TOP OF THE 2ND
Milwaukee Brewers batting - Pitching for Jacksonville Bombers : LHP Masami Ishikawa
Batting: LHB Jesús Garza 0-0: Ball
1-0: Ball
2-0: Ground out 4-3 (Groundball, 4M, EV 86.3 MPH)
Batting: RHB José Cruz 0-0: Ground out 5-3 (Groundball, 56S, EV 72.5 MPH)
Batting: LHB Jeff Flowers 0-0: Ball
1-0: Ball
2-0: SINGLE (Groundball, 4, EV 86.3 MPH)
Batting: SHB Jim Henderson Jr. 0-0: Called Strike
0-1: Ball
1-1: Swinging Strike
Passed Ball!
Jeff Flowers to second
1-2: Ball
2-2: Fly out, F9 (Flyball, 9D, EV 95.6 MPH)
Top of the 2nd over - 0 runs, 1 hit, 0 errors, 1 left on base; Milwaukee 0 - Jacksonville 0
BOTTOM OF THE 2ND
Jacksonville Bombers batting - Pitching for Milwaukee Brewers : RHP Alfredo Hernández
Batting: LHB Héctor González 0-0: Ball
1-0: Fly out, F9 (Flyball, 9D, EV 89.4 MPH)
Batting: RHB Jeremie Gentileschi 0-0: Called Strike
0-1: Ball
1-1: Foul Ball, location: 2LF
1-2: Fly out, F8 (Flyball, 8RXD, EV 101.9 MPH)
Batting: SHB Kevin Tucker 0-0: SINGLE (Line Drive, 8RS, EV 96.3 MPH)
Batting: LHB Juan Novoa 0-0: Foul Ball, location: 2RF
0-1: Ball
1-1: Ball
2-1: Ball
3-1: Foul Ball, location: 25F
3-2: SINGLE (Groundball, 34D, EV 101.3 MPH)
Kevin Tucker to second
Kevin Tucker to third
Batting: RHB Pat Mayer 0-0: Ground out 2-3 (Groundball, 15S, EV 71.9 MPH)
Bottom of the 2nd over - 0 runs, 2 hits, 0 errors, 2 left on base; Milwaukee 0 - Jacksonville 0
TOP OF THE 3RD
Milwaukee Brewers batting - Pitching for Jacksonville Bombers : LHP Masami Ishikawa
Batting: LHB Juan Bruno 0-0: Ball
1-0: Called Strike
1-1: Ground out 3-1 (Groundball, 34S, EV 85.6 MPH)
Batting: SHB José Hernández 0-0: Fly out, F9 (Line Drive, 89M, EV 108.8 MPH)
Batting: LHB Dave Lynch 0-0: Swinging Strike
0-1: Ball
1-1: Called Strike
1-2: SINGLE (Groundball, 4MD, EV 103.8 MPH)
Batting: RHB Pepe Franco 0-0: Called Strike
0-1: Ball
1-1: Ball
2-1: Ball
3-1: Foul Ball, location: 2F
3-2: Base on Balls
Dave Lynch to second
Batting: LHB Jake Allen 0-0: Ball
1-0: Foul Ball, location: 2F
1-1: Fly out, F8 (Flyball, 8RD, EV 86.9 MPH)
Top of the 3rd over - 0 runs, 1 hit, 0 errors, 2 left on base; Milwaukee 0 - Jacksonville 0
BOTTOM OF THE 3RD
Jacksonville Bombers batting - Pitching for Milwaukee Brewers : RHP Alfredo Hernández
Batting: LHB Dave Minor 0-0: Foul Ball, location: 7LMFF
0-1: Called Strike
0-2: Ball
1-2: Ball
2-2: Strikes out swinging
Batting: RHB Jim Brown 0-0: Ball
1-0: Called Strike
1-1: Ball
2-1: Foul Ball, location: 2F
2-2: Hit by Pitch
Batting: LHB Yoshihito Abe 0-0: Ball
Jim Brown steals 2nd base
1-0: Swinging Strike
1-1: Foul Ball, location: 2F
1-2: Strikes out swinging
Batting: RHB José Alonso 0-0: Called Strike
0-1: Called Strike
0-2: Ball
1-2: Strikes out swinging
Bottom of the 3rd over - 0 runs, 0 hits, 0 errors, 1 left on base; Milwaukee 0 - Jacksonville 0
TOP OF THE 4TH
Milwaukee Brewers batting - Pitching for Jacksonville Bombers : LHP Masami Ishikawa
Batting: LHB Jesús Garza 0-0: Foul Ball, location: 3F
0-1: Ball
1-1: Called Strike
1-2: Ball
2-2: Foul Ball, location: 7LDF
2-2: Ball
3-2: Base on Balls
Batting: RHB José Cruz 0-0: Called Strike
0-1: Hit by Pitch
Jesús Garza to second
Batting: LHB Jeff Flowers 0-0: Ball
1-0: Foul Ball, location: 23F
1-1: Ball
2-1: Swinging Strike
2-2: SINGLE (Line Drive, 9S, EV 90.0 MPH)
Jesús Garza to third
José Cruz to second
Batting: SHB Jim Henderson Jr. 0-0: Swinging Strike
0-1: DOUBLE (Flyball, 89XD, EV 91.3 MPH)
Jesús Garza scores
José Cruz scores
Jeff Flowers to third
Batting: LHB Juan Bruno 0-0: Ball
1-0: SINGLE (Groundball, 6MD, EV 100.0 MPH)
Jeff Flowers scores
Jim Henderson Jr. to third
Batting: SHB José Hernández 0-0: SINGLE (Groundball, 4S, EV 64.4 MPH) (infield hit)
Jim Henderson Jr. scores
Juan Bruno to second
Batting: LHB Dave Lynch 0-0: Bunted foul
0-1: Sac Bunt to 15 - play at first, batter OUT! 1-4
Juan Bruno to third
José Hernández to second
Batting: RHB Pepe Franco 0-0: Ball
1-0: Foul Ball, location: 2F
1-1: SINGLE (Groundball, 6, EV 97.5 MPH) (infield hit)
Juan Bruno scores
José Hernández to third
Batting: LHB Jake Allen 0-0: Ball
1-0: Swinging Strike
1-1: Foul Ball, location: 3F
1-2: Ball
2-2: Strikes out swinging
Batting: LHB Jesús Garza 0-0: Called Strike
0-1: Ball
1-1: Called Strike
1-2: Ball
2-2: Strikes out swinging
Top of the 4th over - 5 runs, 5 hits, 0 errors, 2 left on base; Milwaukee 5 - Jacksonville 0
BOTTOM OF THE 4TH
Jacksonville Bombers batting - Pitching for Milwaukee Brewers : RHP Alfredo Hernández
Batting: LHB Héctor González 0-0: Called Strike
0-1: Ball
1-1: Ball
2-1: Ball
3-1: Swinging Strike
3-2: Fly out, F9 (Flyball, 9S, EV 89.4 MPH)
Batting: RHB Jeremie Gentileschi 0-0: Ball
1-0: SINGLE (Line Drive, 78M, EV 84.4 MPH)
Batting: SHB Kevin Tucker 0-0: Ball
1-0: Foul Ball, location: 2F
1-1: Ball
2-1: Fly out, F9 (Flyball, 9LS, EV 93.8 MPH)
Batting: LHB Juan Novoa 0-0: Ball
1-0: Ball
2-0: Fielders Choice at 2nd, 6-4 (Groundball, 6, EV 82.5 MPH)
Bottom of the 4th over - 0 runs, 1 hit, 0 errors, 1 left on base; Milwaukee 5 - Jacksonville 0
TOP OF THE 5TH
Milwaukee Brewers batting - Pitching for Jacksonville Bombers : LHP Masami Ishikawa
Batting: RHB José Cruz 0-0: Ball
1-0: Foul Ball, location: 2F
1-1: Ball
2-1: Foul Ball, location: 2F
2-2: Ground out 6-3 (Groundball, 6, EV 88.1 MPH)
Batting: LHB Jeff Flowers 0-0: Foul Ball, location: 2F
0-1: Fly out, F9 (Flyball, 9, EV 89.4 MPH)
Batting: SHB Jim Henderson Jr. 0-0: Ball
1-0: Foul Ball, location: 23FF
1-1: Swinging Strike
1-2: Strikes out swinging
Top of the 5th over - 0 runs, 0 hits, 0 errors, 0 left on base; Milwaukee 5 - Jacksonville 0
BOTTOM OF THE 5TH
Jacksonville Bombers batting - Pitching for Milwaukee Brewers : RHP Alfredo Hernández
Batting: RHB Pat Mayer 0-0: Ground out 4-3 (Groundball, 4D, EV 105.6 MPH)
Batting: LHB Dave Minor 0-0: Ball
1-0: SINGLE (Line Drive, 8RS, EV 98.8 MPH)
Batting: RHB Jim Brown 0-0: Ball
Dave Minor steals 2nd base (no throw)
1-0: SINGLE (Groundball, 56, EV 105.6 MPH)
Dave Minor to third
Runner from 3rd tries for Home, throw by LF and OUT! 7-2
Batting: LHB Yoshihito Abe 0-0: Foul Ball, location: 23F
0-1: Called Strike
0-2: Ball
1-2: DOUBLE (Flyball, 9LD, EV 105.0 MPH)
Jim Brown to third
Runner from 3rd tries for Home, SAFE, throw by RF to trailing runner, SAFE at third!
Batting: RHB José Alonso 0-0: Ball
1-0: SINGLE (Line Drive, 89S, EV 96.9 MPH)
Yoshihito Abe scores
Batting: LHB Héctor González 0-0: Fly out, F8 (Flyball, 78S, EV 91.3 MPH)
Bottom of the 5th over - 2 runs, 4 hits, 0 errors, 1 left on base; Milwaukee 5 - Jacksonville 2
TOP OF THE 6TH
Milwaukee Brewers batting - Pitching for Jacksonville Bombers : LHP Masami Ishikawa
Pitching: RHP Edgar Méndez
Batting: LHB Juan Bruno 0-0: Ball
1-0: Ball
2-0: Ball
3-0: Fly out, F8 (Flyball, 8LXD, EV 109.4 MPH)
Batting: SHB José Hernández 0-0: Called Strike
0-1: Foul Ball, location: 2F
0-2: Strikes out swinging
Batting: LHB Dave Lynch 0-0: SINGLE (Groundball, 56D, EV 99.4 MPH)
Batting: RHB Pepe Franco 0-0: Called Strike
Dave Lynch steals 2nd base
0-1: Ball
1-1: Called Strike
1-2: Strikes out swinging
Top of the 6th over - 0 runs, 1 hit, 0 errors, 1 left on base; Milwaukee 5 - Jacksonville 2
BOTTOM OF THE 6TH
Jacksonville Bombers batting - Pitching for Milwaukee Brewers : RHP Alfredo Hernández
Batting: RHB Jeremie Gentileschi 0-0: Fly out, F4 (Popup, 4M, EV 66.3 MPH)
Batting: SHB Kevin Tucker 0-0: Ball
1-0: Called Strike
1-1: Foul Ball, location: 2F
1-2: SINGLE (Groundball, 4MD, EV 98.1 MPH)
Batting: LHB Juan Novoa 0-0: Called Strike
0-1: Ball
1-1: Ball
2-1: Ball
3-1: Grounds into double play, 6-4-3 (Groundball, 6, EV 79.4 MPH)
Bottom of the 6th over - 0 runs, 1 hit, 0 errors, 0 left on base; Milwaukee 5 - Jacksonville 2
TOP OF THE 7TH
Milwaukee Brewers batting - Pitching for Jacksonville Bombers : RHP Edgar Méndez
Batting: LHB Jake Allen 0-0: Foul Ball, location: 5DF
0-1: Ground out 4-3 (Groundball, 4MS, EV 78.8 MPH)
Batting: LHB Jesús Garza 0-0: Swinging Strike
0-1: Called Strike
0-2: Ball
1-2: Ball
2-2: Ball
3-2: SINGLE (Groundball, 4D, EV 100.0 MPH)
Batting: RHB José Cruz 0-0: Fly out, F9 (Flyball, 9, EV 81.3 MPH)
Batting: LHB Jeff Flowers 0-0: Called Strike
Jesús Garza steals 2nd base
0-1: Fly out, F8 (Line Drive, 8RD, EV 101.3 MPH)
Top of the 7th over - 0 runs, 1 hit, 0 errors, 1 left on base; Milwaukee 5 - Jacksonville 2
BOTTOM OF THE 7TH
Jacksonville Bombers batting - Pitching for Milwaukee Brewers : RHP Alfredo Hernández
Batting: RHB Pat Mayer 0-0: Swinging Strike
0-1: Ball
1-1: Ball
2-1: Foul Ball, location: 2F
2-2: Strikes out swinging
Batting: LHB Dave Minor 0-0: Ground out 3-1 (Groundball, 34, EV 83.1 MPH)
Batting: RHB Jim Brown 0-0: Ball
1-0: DOUBLE (Line Drive, 7LS, EV 88.8 MPH)
Batting: LHB Yoshihito Abe 0-0: Ball
1-0: Called Strike
1-1: Ball
2-1: Ball
3-1: Foul Ball, location: 3FF
3-2: Base on Balls
Pitching: LHP José Chávez
Batting: RHB José Alonso 0-0: Ball
1-0: SINGLE (Groundball, 4MD, EV 100.6 MPH)
Jim Brown to third
Yoshihito Abe to second
Runner from 3rd tries for Home, SAFE, throw by CF to home
Batting: LHB Héctor González 0-0: Ball
1-0: Called Strike
1-1: Swinging Strike
1-2: Ball
2-2: Fly out, F7 (Flyball, 7LS, EV 89.4 MPH)
Bottom of the 7th over - 1 run, 2 hits, 0 errors, 2 left on base; Milwaukee 5 - Jacksonville 3
TOP OF THE 8TH
Milwaukee Brewers batting - Pitching for Jacksonville Bombers : RHP Edgar Méndez
Batting: SHB Jim Henderson Jr. 0-0: Ball
1-0: Foul Ball, location: 2F
1-1: Ball
2-1: Foul Ball, location: 7LSF
2-2: Strikes out swinging
Batting: LHB Juan Bruno 0-0: Ball
1-0: Called Strike
1-1: SINGLE (Groundball, 6S, EV 68.1 MPH) (infield hit)
Batting: SHB José Hernández 0-0: Ball
Juan Bruno steals 2nd base
1-0: Ball
2-0: Fly out, F7 (Flyball, 78S, EV 92.5 MPH)
Batting: LHB Dave Lynch 0-0: Ball
1-0: Foul Ball, location: 2F
1-1: Ball
2-1: Ball
3-1: Base on Balls
Batting: RHB Pepe Franco 0-0: Called Strike
0-1: Ball
1-1: Ball
2-1: DOUBLE (Groundball, 5L, EV 94.4 MPH)
Juan Bruno scores
Dave Lynch to third
Runner from 3rd tries for Home, SAFE, throw by LF to home
Batting: LHB Jake Allen 0-0: Called Strike
0-1: Ball
1-1: Foul Ball, location: 2F
1-2: Fly out, F3 (Popup, 34, EV 69.4 MPH)
Top of the 8th over - 2 runs, 2 hits, 0 errors, 1 left on base; Milwaukee 7 - Jacksonville 3
BOTTOM OF THE 8TH
Jacksonville Bombers batting - Pitching for Milwaukee Brewers : LHP José Chávez
Batting: RHB Jeremie Gentileschi 0-0: Ball
1-0: Ground out 5-3 (Groundball, 5, EV 106.9 MPH)
Batting: SHB Kevin Tucker 0-0: Ball
1-0: Called Strike
1-1: Swinging Strike
1-2: SINGLE (Line Drive, 56D, EV 97.5 MPH)
Batting: LHB Juan Novoa 0-0: Foul Ball, location: 3FF
0-1: Ball
1-1: Ball
2-1: Ball
3-1: Called Strike
3-2: Foul Ball, location: 3F
3-2: Fielders Choice at 2nd, 5-4 (Groundball, 5, EV 88.1 MPH)
Batting: RHB Pat Mayer 0-0: Ball
1-0: Foul Ball, location: 2F
1-1: Foul Ball, location: 25F
1-2: Strikes out looking
Bottom of the 8th over - 0 runs, 1 hit, 0 errors, 1 left on base; Milwaukee 7 - Jacksonville 3
TOP OF THE 9TH
Milwaukee Brewers batting - Pitching for Jacksonville Bombers : RHP Edgar Méndez
Batting: LHB Jesús Garza 0-0: Called Strike
0-1: Ball
1-1: Swinging Strike
1-2: Foul Ball, location: 3F
1-2: Strikes out swinging
Batting: RHB José Cruz 0-0: Called Strike
0-1: Ball
1-1: Ball
2-1: Foul Ball, location: 2F
2-2: Ground out 6-3 (Groundball, 6, EV 86.3 MPH)
Batting: LHB Jeff Flowers 0-0: Ball
1-0: DOUBLE (Flyball, 89XD, EV 98.1 MPH)
Batting: SHB Jim Henderson Jr. 0-0: Called Strike
0-1: Called Strike
0-2: Ball
1-2: Ball
2-2: Ball
3-2: Foul Ball, location: 2F
3-2: Hit by Pitch
Pitching: RHP Joe Williams
Batting: LHB Juan Bruno 0-0: Called Strike
0-1: Foul Ball, location: 5F
0-2: Ball
1-2: Ball
2-2: Strikes out swinging
Top of the 9th over - 0 runs, 1 hit, 0 errors, 2 left on base; Milwaukee 7 - Jacksonville 3
BOTTOM OF THE 9TH
Jacksonville Bombers batting - Pitching for Milwaukee Brewers : LHP José Chávez
Batting: LHB Dave Minor 0-0: DOUBLE (Flyball, 89XD, EV 110.0 MPH)
Batting: RHB Jim Brown 0-0: Foul Ball, location: 7LMF
0-1: Swinging Strike
0-2: Ball
1-2: Ball
2-2: SINGLE (Line Drive, 4D, EV 99.4 MPH)
Dave Minor to third
Pitching: RHP Edgardo Guzmán
Batting: LHB Yoshihito Abe 0-0: Called Strike
0-1: Ball
1-1: Swinging Strike
1-2: Strikes out swinging
Batting: RHB José Alonso 0-0: Called Strike
0-1: Ball
1-1: Swinging Strike
1-2: Strikes out swinging
Batting: LHB Héctor González 0-0: Called Strike
0-1: Swinging Strike
0-2: Foul Ball, location: 3DF
0-2: 3-RUN HOME RUN (Flyball, 7LD, EV 98.8 MPH), Distance : 372 ft
Batting: RHB Jeremie Gentileschi 0-0: Fly out, F9 (Flyball, 9, EV 94.4 MPH)
Bottom of the 9th over - 3 runs, 3 hits, 0 errors, 0 left on base; Milwaukee 7 - Jacksonville 6
Friday, May 3rd , 2024 - OOTP Baseball 24.10 Build 82